 Dungeon Crawl Stone Soup version 0.29.1 (webtiles) character file.

Game seed: 15124720406711932942

60 EvilAshe the Sneak (level 4, -2/27 HPs)
             Began as an Octopode Earth Elementalist on Sept 14, 2022.
             Killed by divine providence
             ... invoked by an orc priest
              (16 damage)
             ... on level 3 of the Dungeon.
             The game lasted 00:07:46 (2523 turns).

EvilAshe the Sneak (Octopode Earth Elementalist)    Turns: 2523, Time: 00:07:47

Health: -2/27      AC:  1    Str:  7    XL:     4   Next: 4%
Magic:  5/7        EV: 13    Int: 19    God:
Gold:   119        SH:  0    Dex: 12    Spells: 6/7 levels left

rFire   . . .      SeeInvis .   c - +0 dagger
rCold   . . .      Faith    .   (no shield)
rNeg    . . .      Spirit   .   (helmet restricted)
rPois   .          Reflect  .   (no amulet)
rElec   .          Harm     .   (no ring)
rCorr   .          Rampage  .   (no ring)
Will    .....                   (no ring)
Stlth   +++.......              (no ring)
HPRegen 0.09/turn               (no ring)
MPRegen 0.10/turn               (no ring)
                                (no ring)
                                (no ring)

@: no status effects
A: almost no armour, amphibious, 8 rings, camouflage 1, gelatinous body 1,
(nimble swimmer 1), tentacles
a: no special abilities


You were on level 3 of the Dungeon.
You visited 1 branch of the dungeon, and saw 3 of its levels.

You collected 119 gold pieces.

Inventory:

Hand Weapons
 c - a +0 dagger (weapon)
Missiles
 e - 29 stones (quivered)
 j - 2 poisoned darts
Jewellery
 n - a ring of ice
Scrolls
 d - a scroll of teleportation {unknown}
 g - a scroll of acquirement {unknown}
 i - 3 scrolls of enchant weapon {unknown}
 k - a scroll of identify {unknown}
 m - a scroll of enchant armour {unknown}
 o - a scroll of vulnerability {unknown}
Potions
 a - a potion of magic
 b - 2 potions of attraction {unknown}
 f - a potion of flight {unknown}
 h - a potion of mutation {unknown}
 l - a potion of haste {unknown}
 p - a potion of curing {unknown}


   Skills:
 + Level 2.5 Dodging
 + Level 3.6 Stealth
 + Level 2.4 Spellcasting
 + Level 1.9 Transmutations
 + Level 3.3 Earth Magic


You had 6 spell levels left.
You knew the following spells:

 Your Spells              Type           Power      Damage    Failure   Level
a - Sandblast             Erth           30%        2d9       4%          1

Your spell library contained the following spells:

 Spells                   Type           Power      Damage    Failure   Level
 Beastly Appendage        Tmut           18%        N/A       8%          1
 Passwall                 Tmut/Erth      10%        N/A       9%          2
 Wereblood                Tmut           9%         N/A       11%         2
 Stone Arrow              Conj/Erth      16%        3d8       24%         3
 Spider Form              Tmut/Pois      5%         N/A       32%         3
 Petrify                  Tmut/Erth      12%        N/A       50%         4


Dungeon Overview and Level Annotations

Branches:
Dungeon (3/15)

Altars:


Innate Abilities, Weirdness & Mutations

You cannot wear most types of armour.
You are amphibious.
You can wear up to eight rings at the same time.
Your skin changes colour to match your surroundings (Stealth+).
Your rubbery body absorbs attacks. (AC +1, EV +1)
((You are camouflaged when in or above water. (Stealth+)))
You have tentacles for arms and can constrict up to eight enemies at once.


Message History

The bat misses you.
Casting: Sandblast (safe; 4% risk of failure)
Confirm with . or Enter, or press ? or * to list all spells.
Aiming: Sandblast (safe; 4% risk of failure)
Press: ? - help, Shift-Dir - straight line, f - bat
Aim: a bat (73% to hit)
The blast of sand hits the bat but does no damage.
The bat closely misses you. The bat hits you but does no damage.
The bat closely misses you. The bat hits you but does no damage.
Casting: Sandblast (safe; 4% risk of failure)
Confirm with . or Enter, or press ? or * to list all spells.
Aiming: Sandblast (safe; 4% risk of failure)
Press: ? - help, Shift-Dir - straight line, f/p - bat
Aim: a bat (73% to hit)
The blast of sand hits the bat!
You kill the bat!
You see here a bat corpse.
You see here a +0 dagger.
An orc priest comes into view. It is wielding a +0 flail.
The orc priest shouts!
You hear a shout! x4
Casting: Sandblast (safe; 4% risk of failure)
Confirm with . or Enter, or press ? or * to list all spells.
Aiming: Sandblast (safe; 4% risk of failure)
Press: ? - help, Shift-Dir - straight line, f - orc priest
Aim: an orc priest, wielding a +0 flail and wearing a +0 leather armour (82% to hit)
The blast of sand hits the orc priest!
The orc priest is severely wounded.
The orc priest mumbles some strange prayers to Beogh against you.
Pain shoots through your body!
Casting: Sandblast (safe; 4% risk of failure)
Confirm with . or Enter, or press ? or * to list all spells.
Aiming: Sandblast (safe; 4% risk of failure)
Press: ? - help, Shift-Dir - straight line, f/p - orc priest
Aim: an orc priest, wielding a +0 flail and wearing a +0 leather armour (severely wounded, 82% to hit)
The blast of sand hits the orc priest.
The orc priest is almost dead.
The orc priest invokes the aid of Beogh against you.
Beogh smites you!
Ouch! That really hurt!
You die...

♣♣.# ##...†......
...## #..#........
#..#####.##.###.###
#†##....##.#
#..†...###†#
###....# #.##
#....# #).# ##...#
#..## #...# #..@#
#...###....o#
###..##.........
##..##########
#########
#..........##
#........
#.#####.....##
#.####### #.
#......###.#
#.######.#)......#
..........>...####


You could see an orc priest.

Vanquished Creatures
  4 bats
  4 endoplasms
  3 giant cockroaches
  7 goblins
  6 hobgoblins
  5 kobolds
  5 quokkas
  10 ball pythons
  A frilled lizard (D:1)
  8 rats
53 creatures vanquished.

Notes
Turn   | Place    | Note
-------+----------+-------------------------------------------
     0 | D:1      | EvilAshe the Octopode Earth Elementalist began the quest
                  | for the Orb.
     0 | D:1      | Reached XP level 1. HP: 11/11 MP: 3/3
   223 | D:1      | Reached XP level 2. HP: 17/17 MP: 3/5
   699 | D:1      | Reached XP level 3. HP: 21/21 MP: 4/6
  1069 | D:1      | Found a faded altar of an unknown god.
  1622 | D:2      | Identified the +1 robe "Muatho" {Rampage SInv}
  2402 | D:3      | Reached XP level 4. HP: 27/27 MP: 5/7
  2523 | D:3      | Killed from afar by an orc priest

Illustrated notes

Levels and vault maps discovered:
D:1:      minmay_arrival_arboretum_small, layout_rooms,
          hellmonk_ecumenical_altar_defaced_shrine, nicolae_titane
D:2:      layout_basic
D:3:      minmay_recursive_quarters, layout_basic, serial_forest,
          infiniplex_forest_lined_room_2, infiniplex_forest_straight_5,
          infiniplex_forest_clump_tiny, infiniplex_forest_clump_double,
          infiniplex_forest_straight_5, infiniplex_forest_clump_small,
          infiniplex_forest_end_1, infiniplex_forest_corner_2, uniq_grinder

Skill      XL: |  1  2 |
---------------+-------+-----
Stealth        | 3 |  3.6
Dodging        | |  2.5
Spellcasting   | |  2.4
Transmutations | |  1.9
Earth Magic    | |  3.3

Action                   |  1- 3 |  4- 6 || total
-------------------------+-------+-------++-------
Melee: Dagger            |    34 |     2 ||    36
       Constrict         |     5 |     1 ||     6
       Tentacles         |     1 |       ||     1
Throw: Stone             |     1 |       ||     1
 Cast: Sandblast         |    44 |     6 ||    50
 Stab: Sleeping          |    10 |       ||    10
Armor: Skin              |     7 |     3 ||    10
Dodge: Dodged            |    26 |     5 ||    31
